 Dungeon Crawl Stone Soup version 0.29.1-15-g9cfb28693d (webtiles) character file.

Game seed: 7398848104498768761

10434 Kiax the Basher (level 11, -3/105 HPs)
             Began as a Troll Berserker on Mar 7, 2023.
             Was an Elder of Trog.
             Slain by a 14-headed hydra (14 damage)
             ... on level 2 of the Lair of Beasts.
             The game lasted 01:07:11 (7665 turns).

Kiax the Basher (Troll Berserker)                   Turns: 7665, Time: 01:07:11

Health: -3/105     AC:  8    Str: 40    XL:     11   Next: 36%
Magic:  10/10      EV: 10    Int:  7    God:    Trog [****..]
Gold:   705        SH:  8    Dex: 11    Spells: 10/10 levels left

rFire   . . .      SeeInvis .   V - +9 war axe of Nyll {protect, rC- Str+5}
rCold   x . .      Faith    .   C - +0 kite shield
rNeg    . . .      Spirit   .   N - +2 robe of Gehenna {Int+4 Stlth+}
rPois   +          Reflect  .   b - +1 hat
rElec   .          Harm     .   x - +0 cloak
rCorr   .          Rampage  .   (gloves unavailable)
Will    .....                   (boots unavailable)
Stlth   ++........              w - amulet of regeneration
HPRegen 1.87/turn               u - +6 ring of strength
MPRegen 0.12/turn               B - ring of poison resistance

@: on berserk cooldown, slowed, very slow
A: large, unfitting armour, claws 3, regeneration 1, shaggy fur 1, tough skin 1
a: Renounce Religion, Berserk, Trog's Hand, Brothers in Arms


You were on level 2 of the Lair of Beasts.
You worshipped Trog.
Trog was greatly pleased with you.
You visited 3 branches of the dungeon, and saw 11 of its levels.
You also visited: Ossuary.

You collected 724 gold pieces.
You spent 19 gold pieces at shops.

Inventory:

Hand Weapons
 P - a +2 short sword of holy wrath
 R - a +0 sling of freezing
 V - the +9 war axe of Nyll (weapon) {protect, rC- Str+5}
   (You took it off a kobold on level 7 of the Dungeon)

   It grants its wielder temporary protection when it strikes (+7 to AC).
   Str:       It affects your strength (+5).
   rC:        It makes you vulnerable to cold.
Missiles
 p - 39 poisoned darts (quivered)
 H - 6 silver boomerangs
 S - 3 curare-tipped darts
 W - a boomerang of dispersal
Armour
 b - a +1 hat (worn)
 x - a +0 cloak (worn)
 C - a +0 kite shield (worn)
 N - the +2 robe of Gehenna (worn) {Int+4 Stlth+}
   (You found it on level 6 of the Dungeon)

   Int:       It affects your intelligence (+4).
   Stlth:     It makes you more stealthy.
Magical Staves
 h - a staff of death
Jewellery
 u - a +6 ring of strength (left claw)
 w - an amulet of regeneration (around neck)
 B - a ring of poison resistance (right claw)
 Y - an amulet of guardian spirit
Wands
 K - a wand of polymorph (10)
Scrolls
 c - 2 scrolls of summoning {unknown}
 d - a scroll of noise {unknown}
 i - 6 scrolls of identify {unknown}
 k - 3 scrolls of amnesia {unknown}
 m - 4 scrolls of fear {unknown}
 n - 5 scrolls of poison {unknown}
 q - 9 scrolls of teleportation {unknown}
 r - 3 scrolls of blinking {unknown}
 s - a scroll of fog {unknown}
 v - 3 scrolls of immolation {unknown}
 A - 3 scrolls of silence {unknown}
 D - 2 scrolls of magic mapping {unknown}
 L - a scroll of vulnerability {unknown}
 Q - 3 scrolls of enchant armour {unknown}
 Z - a scroll of brand weapon {unknown}
Potions
 a - a potion of curing
 e - a potion of attraction {unknown}
 f - a potion of haste {unknown}
 l - 2 potions of heal wounds
 t - a potion of flight {unknown}
 z - 3 potions of mutation {unknown}
 E - 2 potions of degeneration {unknown}
 F - a potion of invisibility {unknown}
 G - 3 potions of might {unknown}
 I - 2 potions of lignification {unknown}
 J - a potion of cancellation {unknown}
 U - a potion of resistance {unknown}


   Skills:
 + Level 5.8 Fighting
 * Level 8.2(9.6) Axes
 - Level 8.3(10.1) Maces & Flails
 - Level 0.1 Throwing
 + Level 6.6 Dodging
 + Level 3.9 Shields
 + Level 6.3 Unarmed Combat


You had 10 spell levels left.
You didn't know any spells.
Your spell library contained the following spells:

 Spells                   Type           Power      Damage    Failure   Level
 Apportation              Tloc           0%         N/A       71%         1
 Magic Dart               Conj           0%         1d3       71%         1
 Necrotise                Necr           0%         1d4       71%         1
 Sting                    Tmut/Pois      0%         1d3       71%         1
 Summon Small Mammal      Summ           0%         N/A       71%         1
 Blink                    Tloc           0%         N/A       85%         2
 Call Imp                 Summ           0%         N/A       85%         2
 Poisonous Vapours        Pois/Air       0%         N/A       85%         2
 Conjure Flame            Conj/Fire      0%         6-21      97%         3
 Ignite Poison            Fire/Tmut/Pois 0%         N/A       97%         3
 Lesser Beckoning         Tloc           0%         N/A       97%         3
 Mephitic Cloud           Conj/Pois/Air  0%         N/A       97%         3
 Olgreb's Toxic Radiance  Pois           0%         N/A       100%        4
 Sticky Flame             Conj/Fire      0%         2d3       100%        4
 Manifold Assault         Tloc           0%         N/A       100%        5


Dungeon Overview and Level Annotations

Branches:
Dungeon (8/15)             Temple (1/1) D:4            Lair (2/5) D:8
 Spider (0/4) Lair:2      Ossuary (visited)
  Swamp: Lair:2-3    Shoals: Lair:2-3

Altars:
Ashenzari
Cheibriados
Dithmenos
Fedhas
Gozag
Hepliaklqana
Makhleb
Nemelex Xobeh
Okawaru
Qazlal
Sif Muna
Trog
Uskayaw
Vehumet
Wu Jian
Xom
Yredelemnul
Zin
The Shining One

Shops:
D:3 =   D:5 [   D:7 *


Innate Abilities, Weirdness & Mutations

You are too large for most types of armour.
You have claws for hands.
Your natural rate of healing is unusually fast.
You are covered in fur. (AC +1)
You have tough skin. (AC +1)


Message History

The 12-headed hydra bites you.
You hack one of the 12-headed hydra's heads off!
The 11-headed hydra grows two more!
You slash the 13-headed hydra!
The 13-headed hydra is heavily wounded.
The 13-headed hydra bites you. The 13-headed hydra barely misses you.
The 13-headed hydra bites you but does no damage. x2
The 13-headed hydra misses you.
The 13-headed hydra bites you but does no damage.
The 13-headed hydra misses you.
The 13-headed hydra bites you but does no damage. x5
You block the 13-headed hydra's attack.
You chop one of the 13-headed hydra's heads off!
The 12-headed hydra grows two more!
You slash the 14-headed hydra!
The 14-headed hydra is heavily wounded.
The 14-headed hydra bites you!
The 14-headed hydra bites you but does no damage. x2
You block the 14-headed hydra's attack. The 14-headed hydra misses you.
The 14-headed hydra bites you!
* * * LOW HITPOINT WARNING * * *
The 14-headed hydra bites you!
* * * LOW HITPOINT WARNING * * *
The 14-headed hydra closely misses you.
The 14-headed hydra bites you but does no damage.
The 14-headed hydra bites you.
* * * LOW HITPOINT WARNING * * *
The 14-headed hydra bites you!
* * * LOW HITPOINT WARNING * * *
The 14-headed hydra bites you!
* * * LOW HITPOINT WARNING * * *
The 14-headed hydra bites you.
* * * LOW HITPOINT WARNING * * *
The 14-headed hydra bites you!
* * * LOW HITPOINT WARNING * * *
Unknown command.
You feel a strong urge to attack something.
You are no longer berserk.
You are exhausted.
You feel yourself slow down. The 14-headed hydra barely misses you.
The 14-headed hydra bites you!
You die...

#.....†..............
#...†................
#...................<
##.....##.P#..#.#####P
#.....########### ##
#.....# #.....##
#......# ##...@## #
#....D.###.###
##............
#.............
#.............
#.............
##.....######.
#....#.# #.....##


You could see a 14-headed hydra.

Vanquished Creatures
  Gastronok (Lair:2)
  A black mamba (Lair:1)
  3 cane toads (Lair:1)
  A komodo dragon (Lair:2)
  A rime drake (Lair:1)
  Sigmund (D:2)
  7 yaks
  A wraith (D:8)
  2 basilisks (Lair:1)
  A steam dragon (D:7)
  An ice beast (D:8)
  2 black bears
  A sky beast (D:7)
  3 ogres
  A centaur (D:5)
  3 phantoms
  4 kobold brigands
  11 bullfrogs
  A necrophage (D:6)
  5 wights (D:7)
  4 scorpions
  3 howler monkeys
  Crazy Yiuf (D:3)
  A gnoll bouda (D:4)
  2 hounds
  4 jellies
  6 orc priests
  3 iguanas
  12 orc wizards
  3 mummies (Ossuary)
  10 adders
  A shadow imp (D:7)
  2 white imps
  An ufetubus (D:4)
  3 worms
  4 adder zombies (Ossuary)
  3 dart slugs
  22 orcs
  9 ball pythons
  6 endoplasms
  5 giant cockroaches
  9 goblins
  8 hobgoblins
  3 jackals (D:4)
  2 quokkas (D:4)
  4 bats
  4 frilled lizards
  6 goblin zombies (Ossuary)
  2 hobgoblin zombies (Ossuary)
  32 kobolds
  5 kobold zombies (Ossuary)
  10 rats
  A rat zombie (Ossuary)
242 creatures vanquished.

Vanquished Creatures (collateral kills)
  A hydra (Lair:2)
  3 elephants (Lair:2)
  A polar bear (Lair:2)
  A jumping spider (Lair:2)
  A yak (D:8)
  A basilisk (D:8)
  A kobold brigand (D:8)
  An orc wizard (D:8)
  2 kobolds (D:8)
12 creatures vanquished.

Vanquished Creatures (others)
  A plant (Lair:1)
1 creature vanquished.

Grand Total: 255 creatures vanquished

Notes
Turn   | Place    | Note
-------+----------+-------------------------------------------
     0 | D:1      | Kiax the Troll Berserker began the quest for the Orb.
     0 | D:1      | Reached XP level 1. HP: 22/22 MP: 0/0
    42 | D:1      | Reached XP level 2. HP: 29/29 MP: 1/1
   280 | D:1      | Reached ** piety under Trog
   578 | D:1      | Reached XP level 3. HP: 36/36 MP: 2/2
  1047 | D:2      | Found a faded altar of an unknown god.
  1048 | D:2      | Noticed Sigmund
  1075 | D:2      | Killed Sigmund
  1076 | D:2      | Reached skill level 5 in Unarmed Combat
  1076 | D:2      | Reached XP level 4. HP: 45/45 MP: 3/3
  1076 | D:2      | Reached XP level 5. HP: 53/53 MP: 4/4
  1847 | D:3      | Found Neirhaf's Jewellery Emporium.
  2087 | D:3      | Reached XP level 6. HP: 61/61 MP: 5/5
  2113 | D:3      | Reached *** piety under Trog
  2116 | D:3      | Found a shadowy altar of Dithmenos.
  2255 | D:3      | Reached skill level 1 in Maces & Flails
  2281 | D:3      | Found a runed translucent door.
  2282 | D:3      | Noticed Crazy Yiuf
  2410 | D:3      | Killed Crazy Yiuf
  3076 | D:4      | Reached XP level 7. HP: 67/67 MP: 6/6
  3455 | D:4      | Found a shimmering altar of Xom.
  3563 | D:4      | Found a staircase to the Ecumenical Temple.
  3598 | Temple   | Entered the Ecumenical Temple
  4019 | D:5      | Entered Level 5 of the Dungeon
  4024 | D:5      | Found Canuc's Antique Armour Shoppe.
  4095 | D:5      | Reached XP level 8. HP: 63/76 MP: 7/7
  4205 | D:5      | Reached skill level 1 in Shields
  4255 | D:5      | Reached **** piety under Trog
  4266 | D:5      | Reached skill level 5 in Maces & Flails
  4342 | D:5      | Found a sand-covered staircase.
  4350 | Ossuary  | Entered an ossuary
  4916 | D:6      | Reached XP level 9. HP: 82/84 MP: 8/8
  4929 | D:6      | Reached skill level 5 in Dodging
  4942 | D:6      | Identified the +2 robe of Gehenna {Int+4 Stlth+}
  5094 | D:6      | Found a faded altar of an unknown god.
  5096 | D:6      | Found a hazy altar of Hepliaklqana.
  5102 | D:6      | Reached ***** piety under Trog
  5548 | D:7      | Found Jocum's Assorted Antiques.
  5552 | D:7      | Bought a viscous black potion for 19 gold pieces
  5814 | D:7      | Found an iron altar of Okawaru.
  5872 | D:7      | Identified the +9 war axe of Nyll {protect, rC- Str+5}
  6211 | D:8      | Reached skill level 1 in Axes
  6417 | D:8      | Reached XP level 10. HP: 94/94 MP: 9/9
  6436 | D:8      | Received a gift from Trog
  6443 | D:8      | Found a staircase to the Lair.
  6480 | Lair:1   | Entered Level 1 of the Lair of Beasts
  6525 | Lair:1   | Noticed a cane toad
  6537 | Lair:1   | Killed a cane toad
  6793 | Lair:1   | Reached skill level 5 in Fighting
  6804 | Lair:1   | Noticed a black mamba
  6816 | Lair:1   | Killed a black mamba
  6898 | Lair:1   | Noticed a cane toad
  6909 | Lair:1   | Killed a cane toad
  6910 | Lair:1   | Reached skill level 5 in Axes
  7114 | Lair:1   | Noticed a cane toad
  7117 | Lair:1   | Killed a cane toad
  7294 | Lair:2   | Noticed a five-headed hydra
  7301 | Lair:2   | Killed a six-headed hydra
  7320 | Lair:2   | Reached XP level 11. HP: 104/104 MP: 10/10
  7322 | Lair:2   | Found a hole to the Spider Nest.
  7445 | Lair:2   | Noticed Gastronok
  7467 | Lair:2   | Killed Gastronok
  7627 | Lair:2   | Noticed a four-headed hydra
  7660 | Lair:2   | HP: 1/157 [14-headed hydra (7)]
  7665 | Lair:2   | Slain by a 14-headed hydra

Illustrated notes

Levels and vault maps discovered:
D:1:      minmay_arrival_open_corners, layout_basic, serial_shops,
          nicolae_lakefront_shop, minivault_25, minmay_misc_feat_more_columns,
          minmay_octomino_e4
D:2:      layout_loops_ring, shapermc_ecumenical_altar_starsandcircs,
          uniq_sigmund
D:3:      layout_basic, lemuel_tele_altar, serial_shops, shop,
          uniq_crazy_yiuf_cottage
D:4:      minmay_bubble_buster, layout_loops_corners, lemuel_doored_altar,
          minmay_temple_entry_arrows, minmay_misc_feat_rows
D:5:      minmay_chambers_of_fours, layout_gridville, serial_shops,
          nicolae_shop_trees, nicolae_ossuary_entry_monument
D:6:      layout_rooms, beargit_hepliaklqana_dungeon_heroes
D:7:      layout_basic, kennysheep_okawaru_gauntlet, serial_shops,
          nicolae_shop_window_shopping
D:8:      layout_rooms, david_lair_generic, nicolae_shop_i_like_big_books,
          hangedman_decor_lopped
Temple:   minmay_freezing_vapour_temple
Lair:1:   layout_cave_pods
Lair:2:   layout_long_grid, spider_nest_entry_rubble,
          infiniplex_staircase_pool_2, uniq_gastronok

Skill      XL: |  1  2  3  4  5  6  7  8  9 10 11 |
---------------+----------------------------------+-----
Fighting       | 3 4 5 |  5.8
Dodging        | 3 4 5 6 |  6.6
Unarmed Combat | 5 6 |  6.3
Maces & Flails | 1 4 6 8 |  8.3
Shields        | 2 3 |  3.9
Axes           | 2 6 8 |  8.2
Throwing       | |  0.1

Action                   |  1- 3 |  4- 6 |  7- 9 | 10-12 || total
-------------------------+-------+-------+-------+-------++-------
Melee: Unarmed           |    74 |    97 |     7 |       ||   178
       Punch             |       |     5 |     1 |       ||     6
       Mace              |       |       |   370 |       ||   370
       War axe           |       |       |    58 |   106 ||   164
Throw: Stone             |       |       |     2 |       ||     2
       Dart              |       |       |     1 |       ||     1
Invok: Berserk           |     1 |     2 |     7 |     9 ||    19
       Trog's Hand       |       |       |       |     3 ||     3
       Brothers in Arms  |       |       |       |     3 ||     3
  Use: Potion            |       |       |     3 |     1 ||     4
 Stab: Sleeping          |     2 |       |     1 |       ||     3
Armor: Animal skin       |    23 |    21 |   149 |       ||   193
       Robe              |       |       |    82 |   135 ||   217
Dodge: Dodged            |    31 |    33 |   201 |    62 ||   327
Block: Kite shield       |       |       |   121 |    63 ||   184
